 Dungeon Crawl Stone Soup version 0.22-a0-441-gcf5b0c64b7 (webtiles) character file.

9529 HANFGEIST the Transmogrifier (level 11, -5/70 HPs)
             Began as an Octopode Transmuter on May 30, 2018.
             Was an Elder of Makhleb.
             Slain by a red ugly thing (21 damage)
             ... on level 11 of the Dungeon.
             The game lasted 00:28:30 (12232 turns).

HANFGEIST the Transmogrifier (Octopode Transmuter) Turns: 12232, Time: 00:28:30

Health: -5/70      AC:  1    Str: 10    XL:     11   Next: 47%
Magic:  9/17       EV: 24    Int: 16    God:    Makhleb [****..]
Gold:   984        SH:  5    Dex: 15    Spells: 4/19 levels left

rFire    x . .     SeeInvis .     - Unarmed
rCold    + . .     Gourm    .   Q - +2 buckler {rPois}
rNeg     . . .     Faith    .   (helmet restricted)
rPois    +         Spirit   .   (no amulet)
rElec    .         Reflect  .   E - +1 ring of evasion
rCorr    .         Harm     .   F - +4 ring of evasion
MR       .....                  M - ring of ice
Stlth    ++++......             (no ring)
HPRegen  0.21/turn              (no ring)
MPRegen  0.15/turn              (no ring)
                                (no ring)
                                (no ring)

@: very slightly contaminated
A: almost no armour, stealthy swim, amphibious, 8 rings, constrict 8, tentacle
spike 1, camouflage 1, gelatinous body 1
a: Minor Destruction, Lesser Servant of Makhleb, Major Destruction, Renounce
Religion


You were on level 11 of the Dungeon.
You worshipped Makhleb.
Makhleb was greatly pleased with you.
You were not hungry.

You visited 2 branches of the dungeon, and saw 12 of its levels.
You also visited: Ossuary and Bailey.

You collected 984 gold pieces.

Inventory:

Hand Weapons
 l - a -1 spear
 C - the +6 hand axe of Vyukhl Erri {chop, rC+}
   (You found it on level 8 of the Dungeon)

   It inflicts extra damage upon your enemies.
   It protects you from cold.
Missiles
 a - 144 arrows
 o - 17 tomahawks (quivered)
 G - 51 tomahawks of returning
Armour
 Q - a +2 buckler of poison resistance (worn)
Jewellery
 z - an uncursed ring of fire
 E - a +1 ring of evasion (left tentacle)
 F - a +4 ring of evasion (right tentacle)
 M - a ring of ice (on tentacle)
Wands
 h - a wand of polymorph (11)
 q - a wand of flame (14)
 y - a wand of clouds (15)
 D - a wand of acid (12)
 I - a wand of iceblast (4)
 J - a wand of scattershot (4)
 N - a wand of enslavement (14)
 P - a wand of disintegration (19)
Scrolls
 b - 5 scrolls of fear
 d - 5 scrolls of remove curse
 f - 2 scrolls of enchant armour
 m - 3 scrolls of amnesia
 p - 6 scrolls of random uselessness
 r - 5 scrolls of enchant weapon
 t - a scroll of blinking
 u - 3 scrolls of noise
 x - 3 scrolls of identify
 H - a scroll of fog {unknown}
 K - a scroll of summoning {unknown}
 L - a scroll of magic mapping
Potions
 e - 5 potions of brilliance {unknown}
 g - a potion of magic {unknown}
 i - a potion of invisibility {unknown}
 j - a potion of ambrosia {unknown}
 k - 6 potions of curing
 n - a potion of cancellation {unknown}
 s - 2 potions of heal wounds {unknown}
 v - 2 potions of might {unknown}
 w - 7 potions of degeneration {unknown}
 A - 4 potions of flight
 B - a potion of lignification {unknown}
Comestibles
 c - 20 rations
 O - 2 chunks of flesh


   Skills:
 * Level 4.5 Fighting
 - Level 0.7 Throwing
 * Level 9.3 Dodging
 - Level 3.8 Stealth
 * Level 0.2 Shields
 - Level 8.2 Unarmed Combat
 - Level 4.5 Spellcasting
 - Level 10.1 Transmutations
 + Level 0.9 Ice Magic
 - Level 3.2 Poison Magic
 + Level 4.1 Evocations


You had 4 spell levels left.
You knew the following spells:

 Your Spells              Type           Power        Failure   Level  Hunger
a - Beastly Appendage     Tmut           #####.       1%          1    None
b - Sticks to Snakes      Tmut           #####...     1%          2    ##.....
c - Spider Form           Tmut/Pois      ###.......   4%          3    ###....
d - Blade Hands           Tmut           #####.....   12%         5    ######.
e - Ice Form              Ice/Tmut       ####....     26%         4    ####...

Your spell library contained the following spells:

 Spells                   Type           Power        Failure   Level  Hunger
 Shadow Creatures         Summ           N/A          100%        6    #######
 Ensorcelled Hibernation  Hex/Ice        #.....       32%         2    ##.....
 Silence                  Hex/Air        #.........   100%        5    ######.
 Darkness                 Hex            #.........   100%        6    #######
 Borgnjor's Vile Clutch   Necr/Erth      #.........   100%        5    ######.


Dungeon Overview and Level Annotations

Branches:
Dungeon (11/15)            Temple (1/1) D:7             Orc (0/2) D:9
   Lair: D:8-11

Altars:
Ashenzari
Cheibriados
Dithmenos
Elyvilon
Fedhas
Gozag
Hepliaklqana
Kikubaaqudgha
Makhleb
Nemelex Xobeh
Okawaru
Qazlal
Ru
Sif Muna
Uskayaw
Wu Jian
Xom
Yredelemnul
Zin
The Shining One

Shops:
D:6 ?


Innate Abilities, Weirdness & Mutations

You cannot wear most types of armour.
You are very stealthy in the water. (Stealth+)
You are amphibious.
You can wear up to eight rings at the same time.
You can use your tentacles to constrict eight enemies at once.
Your skin changes colour to match your surroundings (Stealth+).
Your rubbery body absorbs attacks. (AC +1, EV +1)
One of your tentacles bears a spike.


Message History

You squeeze the red ugly thing, but do no damage.
You constrict the red ugly thing. You block the red ugly thing's attack.
The orc misses you.
You tentacle-slap the red ugly thing.
Your tentacle-slap misses the red ugly thing.
The red ugly thing is lightly wounded.
You constrict the red ugly thing. The red ugly thing claws you.
You are engulfed in flames!!
The fire burns you terribly!
You tentacle-slap the red ugly thing but do no damage.
You pierce the red ugly thing.
The red ugly thing is lightly wounded.
You constrict the red ugly thing. The orc completely misses you.
The red ugly thing claws you!
You are engulfed in flames!!
The fire burns you terribly!
* * * LOW HITPOINT WARNING * * *
It was a potion of curing.
You feel better.
You constrict the red ugly thing. The orc misses you.
The red ugly thing claws you!
* * * LOW HITPOINT WARNING * * *
You are engulfed in flames!!
The fire burns you terribly!
You die...

#....#
###....# #
......# ..
.....# #.
.[..# #..
...# #...
#uo#
#....##@)#
#........#
#......<.#
#.####...#
#...#
....#
.....#
......#
.......#


You could see a red ugly thing and an orc.

Vanquished Creatures
  A two-headed ogre (D:8)
  An orc knight (Bailey)
  Psyche (D:8)
  Joseph (D:8)
  2 hippogriffs
  A wraith (D:10)
  Sigmund (D:3)
  6 yaks (D:9)
  4 hogs (D:7)
  A human (D:7)
  A hungry ghost (D:8)
  A soldier ant (D:10)
  A water moccasin (D:6)
  3 ice beasts
  A black bear (D:7)
  5 orc warriors
  4 ogres
  6 centaurs
  A crocodile (D:6)
  2 big kobolds
  7 bullfrogs
  4 scorpions
  A water moccasin skeleton (D:6)
  5 killer bees (D:10)
  5 wights (D:9)
  7 howler monkeys
  3 bullfrog zombies
  2 centaur zombies
  5 crimson imps
  4 hounds
  2 human zombies (Ossuary)
  3 jellies
  A quasit (D:8)
  8 orc priests
  A gnoll shaman (D:5)
  3 bullfrog skeletons
  3 centaur skeletons
  Ijyb (D:4)
  7 iguanas
  7 orc wizards
  4 worker ants
  2 hound zombies
  4 mummies (Ossuary)
  A worker ant zombie (D:7)
  7 gnolls
  8 adders
  2 shadow imps
  An adder skeleton (D:6)
  An adder zombie (D:6)
  3 worms (D:2)
  4 dart slugs
  10 leopard geckos
  23 orcs
  5 ball pythons
  6 giant cockroaches
  A gnoll zombie (Ossuary)
  6 hobgoblins
  4 jackals
  7 quokkas
  4 bats
  7 frilled lizards
  2 goblins (D:2)
  A goblin zombie (D:8)
  3 hobgoblin zombies (Ossuary)
  27 kobolds
  An orc zombie (Ossuary)
  A quokka skeleton (D:5)
  A quokka zombie (D:5)
  4 rats
  A rat zombie (D:8)
274 creatures vanquished.

Vanquished Creatures (collateral kills)
  A phantom (D:4)
  An orc priest (D:5)
  2 orc wizards
  A gnoll (Bailey)
  4 orcs
  A hobgoblin (Bailey)
  A quokka (D:5)
  3 goblins (Bailey)
  3 kobolds (Bailey)
  A rat (D:1)
18 creatures vanquished.

Vanquished Creatures (others)
  A sky beast (D:7)
1 creature vanquished.

Grand Total: 293 creatures vanquished

Notes
Turn   | Place    | Note
-------+----------+-------------------------------------------
     0 | D:1      | HANFGEIST the Octopode Transmuter began the quest for the Orb.
     0 | D:1      | Reached XP level 1. HP: 13/13 MP: 3/3
   258 | D:1      | Reached XP level 2. HP: 8/18 MP: 3/5
   277 | D:1      | Learned a level 2 spell: Sticks to Snakes
   718 | D:1      | Reached XP level 3. HP: 5/23 MP: 4/6
  1665 | D:2      | Reached skill level 3 in Transmutations
  1697 | D:2      | Reached skill level 1 in Stealth
  2098 | D:2      | Reached XP level 4. HP: 25/28 MP: 7/7
  3002 | D:3      | Found an ancient bone altar of Kikubaaqudgha.
  3071 | D:3      | Noticed an orc warrior
  3085 | D:3      | Learned a level 3 spell: Spider Form
  3138 | D:3      | Noticed Sigmund
  3156 | D:3      | Killed Sigmund
  3156 | D:3      | Reached skill level 4 in Transmutations
  3156 | D:3      | Reached XP level 5. HP: 27/33 MP: 5/9
  3156 | D:3      | Reached XP level 6. HP: 31/38 MP: 5/10
  3171 | D:3      | Found a shattered altar of Ashenzari.
  3446 | D:4      | Noticed a phantom
  3485 | D:4      | Killed a phantom
  3813 | D:4      | Learned a level 5 spell: Blade Hands
  4015 | D:4      | Noticed Ijyb
  4047 | D:4      | Reached XP level 7. HP: 43/43 MP: 2/11
  4158 | D:4      | Reached skill level 5 in Transmutations
  4188 | D:4      | Killed Ijyb
  4778 | D:5      | Entered Level 5 of the Dungeon
  5131 | D:5      | Reached skill level 1 in Poison Magic
  5140 | D:5      | Reached skill level 5 in Unarmed Combat
  5396 | D:5      | Reached XP level 8. HP: 40/48 MP: 8/12
  5443 | D:5      | Reached skill level 6 in Transmutations
  6674 | D:6      | Reached skill level 7 in Transmutations
  6729 | D:6      | Found a shimmering altar of Xom.
  6730 | D:6      | Found a stormy altar of Qazlal.
  6730 | D:6      | Found a hazy altar of Hepliaklqana.
  6730 | D:6      | Found an opulent altar of Gozag.
  6736 | D:6      | Reached XP level 9. HP: 51/53 MP: 6/13
  6741 | D:6      | Found a white marble altar of Elyvilon.
  6741 | D:6      | Found a deep blue altar of Sif Muna.
  6783 | D:6      | Found Caet's Magic Scroll Boutique.
  7039 | D:7      | Reached skill level 1 in Evocations
  7438 | D:7      | Reached skill level 5 in Dodging
  7440 | D:7      | Reached skill level 8 in Transmutations
  7523 | D:7      | Found a staircase to the Ecumenical Temple.
  7590 | Temple   | Entered the Ecumenical Temple
  7741 | Temple   | Became a worshipper of Makhleb the Destroyer
  8345 | D:7      | Reached XP level 10. HP: 54/60 MP: 11/15
  8801 | D:8      | Found a sand-covered staircase.
  8816 | Ossuary  | Entered an ossuary
  8887 | Ossuary  | Reached * piety under Makhleb
  9092 | D:8      | Found a flagged portal.
  9099 | D:8      | Got a shimmering hand axe
  9102 | Bailey   | Entered a bailey
  9442 | Bailey   | Noticed an orc knight
  9447 | Bailey   | Reached skill level 9 in Transmutations
  9465 | Bailey   | Reached ** piety under Makhleb
  9588 | Bailey   | Identified the +6 hand axe of Vyukhl Erri {chop, rC+} (You found it on level 8 of the Dungeon)
  9612 | Bailey   | Killed an orc knight
  9839 | D:8      | Noticed a two-headed ogre
  9847 | D:8      | Killed a two-headed ogre
  9914 | D:8      | Noticed Psyche
  9931 | D:8      | Killed Psyche
  9973 | D:8      | Gained mutation: You expend magic power (3 MP) to strengthen your wands. [potion of mutation]
  9973 | D:8      | Gained mutation: You are frail. (-10% HP) [potion of mutation]
  9973 | D:8      | Gained mutation: You are somewhat resistant to further mutation. [potion of mutation]
  9974 | D:8      | Lost mutation: You are frail. (-10% HP) [potion of mutation]
  9974 | D:8      | Lost mutation: You are somewhat resistant to further mutation. [potion of mutation]
  9974 | D:8      | Lost mutation: You expend magic power (3 MP) to strengthen your wands. [potion of mutation]
  9974 | D:8      | Gained mutation: Scrolls take you a little longer to read. [potion of mutation]
  9974 | D:8      | Gained mutation: You evolve. [potion of mutation]
  9975 | D:8      | Lost mutation: You evolve. [potion of mutation]
  9975 | D:8      | Lost mutation: Scrolls take you a little longer to read. [potion of mutation]
  9975 | D:8      | Gained mutation: You are dopey. (Int -2) [potion of mutation]
  9975 | D:8      | Gained mutation: One of your tentacles bears a spike. [potion of mutation]
  9975 | D:8      | Lost mutation: You are dopey. (Int -2) [potion of mutation]
  9998 | D:8      | Noticed Joseph
 10014 | D:8      | Killed Joseph
 10457 | D:9      | Reached XP level 11. HP: 67/67 MP: 17/17
 10487 | D:9      | Found a glowing silver altar of Zin.
 10513 | D:9      | Reached *** piety under Makhleb
 10621 | D:9      | Reached skill level 10 in Transmutations
 10687 | D:9      | Found a staircase to the Orcish Mines.
 11139 | D:9      | Learned a level 4 spell: Ice Form
 11400 | D:10     | Entered Level 10 of the Dungeon
 12025 | D:10     | Reached **** piety under Makhleb
 12220 | D:11     | Noticed a red ugly thing
 12232 | D:11     | Slain by a red ugly thing

Vault maps used:
D:1:      minmay_arrival_widening_spiral_wide, serial_forest,
          infiniplex_forest_clump_tiny, infiniplex_forest_clump_double,
          infiniplex_forest_lined_ring, infiniplex_forest_end_2,
          infiniplex_forest_clump_small, infiniplex_forest_zigzag_1,
          infiniplex_forest_clump_long, infiniplex_forest_end_2
D:3:      lemuel_doored_altar, overflow_temple_1_default, uniq_sigmund
D:4:      st_stairs_9, hangedman_decor_slide_cut, uniq_ijyb
D:5:      cheibrodos_barr_body, first_ration, grunt_ministairs_7
D:6:      minmay_overflow_temple_hex, serial_shops, kennysheep_little_box
D:7:      minmay_temple_entry_poolview, minmay_item_behind_shaft,
          grunt_livestock
D:8:      enter_ossuary_3, enter_bailey_2, uniq_psyche, uniq_joseph
D:9:      old_standard_altar, orc_0_dummy
D:11:     minmay_lair_entry_grove, serial_bayou_pond_d, guppyfry_shop_earth,
          uniq_harold
Temple:   nicolae_temple_figure_eight
Ossuary:  ossuary_crypta
Bailey:   bailey_axe_1, bailey

Skill      XL: |  1  2  3  4  5  6  7  8  9 10 11 |
---------------+----------------------------------+-----
Transmutations | 3 4 5 7 8 9 10 | 10.1
Stealth        | 1 2 3 |  3.8
Unarmed Combat | 4 5 7 8 |  8.2
Spellcasting   | 3 4 |  4.5
Dodging        | 3 4 5 7 9 |  9.3
Poison Magic   | 1 2 3 |  3.2
Evocations     | 3 4 |  4.1
Fighting       | 3 4 |  4.5
Throwing       | |  0.7
Shields        | |  0.2
Ice Magic      | |  0.9

Action                   |  1- 3 |  4- 6 |  7- 9 | 10-12 || total
-------------------------+-------+-------+-------+-------++-------
Melee: Unarmed           |    99 |    86 |   272 |   415 ||   872
       Constrict         |    19 |    15 |    12 |    35 ||    81
       Kick              |    23 |    13 |     3 |    28 ||    67
       Tentacles         |    19 |     4 |     8 |    30 ||    61
       Punch             |     7 |     1 |     1 |    11 ||    20
       Spear             |       |       |       |     3 ||     3
Throw: Tomahawk          |       |       |       |     5 ||     5
 Cast: Beastly Appendage |    26 |    21 |     4 |     3 ||    54
       Sticks to Snakes  |     1 |     6 |    10 |     7 ||    24
       Spider Form       |       |     4 |    31 |    24 ||    59
       Blade Hands       |       |       |     1 |    11 ||    12
Evoke: Wand              |       |     7 |       |     5 ||    12
  Use: Scroll            |       |       |       |    15 ||    15
       Potion            |       |       |       |     4 ||     4
 Stab: Sleeping          |     2 |     6 |     4 |     7 ||    19
       Distracted        |       |       |     2 |       ||     2
  Eat: Chunk             |     4 |     4 |    15 |     7 ||    30
       Ration            |       |     1 |     1 |     4 ||     6
Armor: Skin              |     2 |     2 |     9 |    10 ||    23
Dodge: Dodged            |    40 |    58 |   249 |   428 ||   775
Block: Buckler           |       |       |       |     1 ||     1

Table legend:
 A = Spawn XP
 B = Non-spawn XP
 C = Spawn XP percentage of total XP
 D = Spawn monster count
 E = Non-spawn monster count
 F = Spawn count percentage of total count
 G = Total turns spent on level
                    A         B        C        D         E        F      G
               +---------+---------+-------+---------+---------+-------+---------
         Total |       0 |   13613 |   0.0 |       0 |     293 |   0.0 | 12232
               +---------+---------+-------+---------+---------+-------+---------
           D:1 |       0 |      48 |   0.0 |       0 |      19 |   0.0 |  1608
           D:2 |       0 |      90 |   0.0 |       0 |      26 |   0.0 |  1280
           D:3 |       0 |     278 |   0.0 |       0 |      10 |   0.0 |   510
           D:4 |       0 |     487 |   0.0 |       0 |      19 |   0.0 |  1627
           D:5 |       0 |     794 |   0.0 |       0 |      31 |   0.0 |  1265
           D:6 |       0 |     959 |   0.0 |       0 |      25 |   0.0 |   814
           D:7 |       0 |    2463 |   0.0 |       0 |      34 |   0.0 |  1423
           D:8 |       0 |    2781 |   0.0 |       0 |      29 |   0.0 |   927
           D:9 |       0 |    2340 |   0.0 |       0 |      28 |   0.0 |   947
          D:10 |       0 |    1867 |   0.0 |       0 |      25 |   0.0 |   815
          D:11 |       0 |     220 |   0.0 |       0 |       3 |   0.0 |    17
       Ossuary |       0 |     208 |   0.0 |       0 |      12 |   0.0 |   210
        Bailey |       0 |    1078 |   0.0 |       0 |      32 |   0.0 |   619
               +---------+---------+-------+---------+---------+-------+---------
